 Dungeon Crawl Stone Soup version 0.30.0-18-gc0e69614cb (webtiles) character file.

Game seed: 3260468014223416942

6675 Renzlar the Protected (level 11, -3/89 HPs)
             Began as a Gnoll Fighter on May 24, 2023.
             Was an Elder of Okawaru.
             Killed from afar by a manticore (17 damage)
             ... with a volley of spikes
             ... on level 11 of the Dungeon.
             The game lasted 00:35:14 (7889 turns).

Renzlar the Protected (Gnoll Fighter)               Turns: 7889, Time: 00:35:15

Health: -3/89      AC: 17    Str: 20    XL:     11   Next: 3%
Magic:  20/20      EV: 12    Int:  7    God:    Okawaru [****..]
Gold:   501        SH:  6    Dex: 14    Spells: 20/22 levels left

rFire   + + .        o - +11 flail of the Puffball {freeze, rF++ rC- rN+ Int-5}
rCold   x . .        w - +0 buckler
rNeg    + . .        b - +1 scale mail
rPois   .            r - +0 helmet
rElec   .            (no cloak)
rCorr   .            y - +2 pair of gloves of Jiozxargh {Drain Int+4 Dex+3 SInv}
SInv    +            i - +2 pair of boots
Will    +....        (no amulet)
Stlth   ++           p - ring of willpower
HPRegen 0.34/turn    (no ring)
MPRegen 0.17/turn

%: no passive effects
@: spiked, studying Armour
A: fangs 1, strong nose, distributed training
a: Renounce Religion, Heroism, Finesse


You were on level 11 of the Dungeon.
You worshipped Okawaru.
Okawaru was greatly pleased with you.
You visited 1 branch of the dungeon, and saw 9 of its levels.
You also visited: Bailey.

You collected 501 gold pieces.

Inventory:

Hand Weapons
 a - a +1 war axe of protection
 c - a +1 sling of freezing
 o - the +11 flail of the Puffball (weapon) {freeze, rF++ rC- rN+ Int-5}
   (You found it on level 5 of the Dungeon)

   Int:       It affects your intelligence (-5).
   rF:        It greatly protects you from fire.
   rC:        It makes you vulnerable to cold.
   rN:        It protects you from negative energy.
 z - a +3 dagger of freezing
Missiles
 e - 10 poisoned darts
 q - a curare-tipped dart (quivered)
Armour
 b - a +1 scale mail (worn)
 i - a +2 pair of boots (worn)
 r - a +0 helmet (worn)
 w - a +0 buckler (worn)
 y - the +2 pair of gloves of Jiozxargh (worn) {Drain Int+4 Dex+3 SInv}
   (You acquired it in a bailey)

   Int:       It affects your intelligence (+4).
   Dex:       It affects your dexterity (+3).
   SInv:      It lets you see invisible.
   Drain:     It drains your maximum health when unequipped.
Jewellery
 j - a ring of fire
 p - a ring of willpower (left hand)
Wands
 f - a wand of polymorph (4)
 h - a wand of roots (2)
 m - a wand of light (16)
 v - a wand of flame (15)
Scrolls
 l - 8 scrolls of teleportation
 n - 6 scrolls of identify
 t - a scroll of fog
 u - a scroll of blinking
 x - a scroll of magic mapping {unknown}
 A - a scroll of noise {unknown}
Potions
 d - a potion of might
 k - 2 potions of lignification
 s - a potion of resistance
 B - a potion of berserk rage


   Skills:
 + Level 9.0 Fighting
 + Level 6.1 Short Blades
 + Level 6.1 Long Blades
 + Level 7.7 Axes
 + Level 6.1 Maces & Flails
 + Level 6.1 Polearms
 + Level 6.1 Staves
 + Level 6.1 Ranged Weapons
 + Level 6.1 Throwing
 + Level 9.3 Armour
 + Level 6.1 Dodging
 + Level 6.1 Stealth
 + Level 9.0 Shields
 + Level 6.1 Unarmed Combat
 + Level 6.1 Spellcasting
 + Level 5.0 Conjurations
 + Level 5.0 Hexes
 + Level 5.0 Summonings
 + Level 5.0 Necromancy
 + Level 5.0 Translocations
 + Level 5.0 Transmutations
 + Level 5.0 Fire Magic
 + Level 5.0 Ice Magic
 + Level 5.0 Air Magic
 + Level 5.0 Earth Magic
 + Level 5.0 Poison Magic
 + Level 6.6 Invocations
 + Level 6.1 Evocations


You had 20 spell levels left.
You knew the following spells:

 Your Spells              Type           Power      Damage    Failure   Level
a - Wereblood             Tmut           9%         N/A       14%         2

Your spell library contained the following spells:

 Spells                   Type           Power      Damage    Failure   Level
 Apportation              Tloc           18%        N/A       9%          1
 Beastly Appendage        Tmut           18%        N/A       9%          1
 Necrotise                Necr           36%        1d5       9%          1
 Static Discharge         Conj/Air       18%        2-3/arc   14%         2
 Sublimation of Blood     Necr           9%         N/A       14%         2
 Inner Flame              Hex/Fire       9%         N/A       26%         3
 Portal Projectile        Hex/Tloc       18%        N/A       26%         3
 Spider Form              Tmut/Pois      9%         N/A       26%         3
 Leda's Liquefaction      Hex/Erth       4%         N/A       65%         4
 Freezing Cloud           Conj/Ice/Air   4%         6-21      94%         5
 Yara's Violent Unravell  Hex/Tmut       4%         3d4       94%         5
 Enfeeble                 Hex            4%         N/A       100%        7
 Summon Small Mammal      Summ           Unusable   N/A       N/A         1
 Call Canine Familiar     Summ           Unusable   N/A       N/A         3
 Summon Hydra             Summ           Unusable   N/A       N/A         7

Dungeon Overview and Level Annotations

Branches:
Dungeon (8/15)             Temple (0/1) D:7          Bailey (visited)
   Lair: D:8-11

Altars:
Elyvilon
Kikubaaqudgha
Nemelex Xobeh
Okawaru
Qazlal
Wu Jian

Annotations:
D:4 2 transporters


Innate Abilities, Weirdness & Mutations

You have very sharp teeth.
Your uncanny sense of smell can sniff out nearby items.
Your experience applies equally to all skills.


Message History

Your Long Blades skill increases to level 6!
Your Maces & Flails skill increases to level 6!
Your Polearms skill increases to level 6!
Your Staves skill increases to level 6!
Your Ranged Weapons skill increases to level 6!
Your Throwing skill increases to level 6!
Your Dodging skill increases to level 6!
Your Stealth skill increases to level 6!
Your Shields skill increases to level 9!
Your Unarmed Combat skill increases to level 6!
Your Spellcasting skill increases to level 6!
Your Conjurations skill increases to level 5!
Your Hexes skill increases to level 5!
Your Summonings skill increases to level 5!
Your Necromancy skill increases to level 5!
Your Translocations skill increases to level 5!
Your Transmutations skill increases to level 5!
Your Fire Magic skill increases to level 5!
Your Ice Magic skill increases to level 5!
Your Air Magic skill increases to level 5!
Your Earth Magic skill increases to level 5!
Your Poison Magic skill increases to level 5!
Your Evocations skill increases to level 6!
You have reached level 11!
Things that are here:
a +6 battleaxe; 6 silver javelins; a +0 chain mail
Found a stone staircase leading up.
You start resting.
A manticore is nearby!
The manticore flicks its tail.
The volley of spikes hits you!!
The barbed spikes become lodged in your body.
* * * LOW HITPOINT WARNING * * *
Unknown command.
You feel better.
You feel better.
The manticore flicks its tail.
The volley of spikes hits you!
The barbed spikes become lodged in your body.
You die...

##################
....<............#
.......@...H.....#
.................#
.#######.........# .
#.....#.........#
(o######.....#...#.....#
.....H.#.....#####.....#
H......#.....#.........#
.......#(....#.........#
...>.$.#.....#...#.....#


You could see a manticore.

Vanquished Creatures
  Urug (D:11)
  An orc knight (Bailey)
  Pikel (D:7)
  Joseph (D:7)
  A troll (D:8)
  Grinder (D:5)
  Prince Ribbit (D:7)
  A shadow (D:11)
  A wraith (D:11)
  Grum (D:8)
  A sky beast (D:8)
  A black bear (D:5)
  12 orc warriors
  2 ogres
  3 wolves (D:8)
  A centaur (D:8)
  A phantom (D:5)
  A kobold brigand (D:8)
  The ghost of phonic the Vexing, an amateur SpHs (D:3)
  5 bullfrogs
  8 wights
  3 howler monkeys
  3 hounds
  7 orc priests
  2 jellies
  3 iguanas
  A sleepcap (D:5)
  Ijyb (D:3)
  Natasha (D:2)
  4 orc wizards
  A centaur simulacrum (D:3)
  12 adders
  A gnoll (D:4)
  A hound simulacrum (D:3)
  2 shadow imps (D:4)
  A white imp (D:8)
  An ufetubus (D:4)
  2 worms
  2 dart slugs
  An adder simulacrum (D:3)
  42 orcs
  5 ball pythons
  4 bats
  6 endoplasms
  6 giant cockroaches
  10 goblins
  5 hobgoblins
  9 jackals
  4 quokkas
  A ball python simulacrum (D:3)
  3 frilled lizards (D:1)
  13 kobolds
  A quokka simulacrum (D:3)
  8 rats
212 creatures vanquished.

Notes
Turn   | Place    | Note
-------+----------+-------------------------------------------
     0 | D:1      | Renzlar the Gnoll Fighter began the quest for the Orb.
     0 | D:1      | Reached XP level 1. HP: 23/23 MP: 1/1
   250 | D:1      | Reached XP level 2. HP: 22/29 MP: 2/2
  1012 | D:2      | Reached XP level 3. HP: 35/35 MP: 3/3
  1080 | D:2      | Reached skill level 1 in Invocations
  1280 | D:2      | Reached skill level 1 in Short Blades
  1280 | D:2      | Reached skill level 1 in Long Blades
  1280 | D:2      | Reached skill level 1 in Maces & Flails
  1280 | D:2      | Reached skill level 1 in Polearms
  1280 | D:2      | Reached skill level 1 in Staves
  1280 | D:2      | Reached skill level 1 in Ranged Weapons
  1280 | D:2      | Reached skill level 1 in Throwing
  1280 | D:2      | Reached skill level 1 in Dodging
  1280 | D:2      | Reached skill level 1 in Stealth
  1280 | D:2      | Reached skill level 1 in Unarmed Combat
  1280 | D:2      | Reached skill level 1 in Spellcasting
  1280 | D:2      | Reached skill level 1 in Evocations
  1409 | D:2      | Found a faded altar of an unknown god.
  1432 | D:2      | Noticed Natasha
  1440 | D:2      | Killed Natasha
  1441 | D:2      | Reached XP level 4. HP: 36/41 MP: 5/5
  1868 | D:3      | Reached skill level 1 in Conjurations
  1868 | D:3      | Reached skill level 1 in Hexes
  1868 | D:3      | Reached skill level 1 in Summonings
  1868 | D:3      | Reached skill level 1 in Necromancy
  1868 | D:3      | Reached skill level 1 in Translocations
  1868 | D:3      | Reached skill level 1 in Transmutations
  1868 | D:3      | Reached skill level 1 in Fire Magic
  1868 | D:3      | Reached skill level 1 in Ice Magic
  1868 | D:3      | Reached skill level 1 in Air Magic
  1868 | D:3      | Reached skill level 1 in Earth Magic
  1868 | D:3      | Reached skill level 1 in Poison Magic
  1910 | D:3      | Noticed Ijyb
  1935 | D:3      | Killed Ijyb
  2034 | D:3      | Reached XP level 5. HP: 44/47 MP: 7/7
  2063 | D:3      | Found a runed translucent gate.
  2064 | D:3      | Found a runed translucent gate.
  2065 | D:3      | Found a runed translucent gate.
  2113 | D:3      | Noticed phonic's ghost (amateur SpHs)
  2120 | D:3      | Killed phonic's ghost
  2121 | D:3      | Reached XP level 6. HP: 49/53 MP: 8/8
  2572 | D:4      | Reached skill level 5 in Axes
  2596 | D:4      | Found an ornate altar of the Wu Jian Council.
  2838 | D:4      | Found an iron altar of Okawaru.
  2855 | D:4      | Became a worshipper of Warmaster Okawaru
  3027 | D:4      | Got the Guide on Destruction
  3107 | D:4      | Found a transporter.
  3130 | D:4      | Found a transporter.
  3202 | D:4      | Reached XP level 7. HP: 19/60 MP: 10/10
  3617 | D:5      | Entered Level 5 of the Dungeon
  3724 | D:5      | Identified the +11 flail of the Puffball {freeze, rF++ rC-
                  | rN+ Int-5}
  3732 | D:5      | Noticed Grinder
  3737 | D:5      | Killed Grinder
  3737 | D:5      | Reached * piety under Okawaru
  3835 | D:5      | Reached XP level 8. HP: 67/67 MP: 12/12
  4504 | D:6      | Found a white marble altar of Elyvilon.
  4505 | D:6      | Found a sparkling altar of Nemelex Xobeh.
  4506 | D:6      | Found a stormy altar of Qazlal.
  4507 | D:6      | Found an ancient bone altar of Kikubaaqudgha.
  4838 | D:7      | Noticed Prince Ribbit
  4847 | D:7      | Killed Prince Ribbit
  4847 | D:7      | Reached ** piety under Okawaru
  4994 | D:7      | Reached XP level 9. HP: 73/73 MP: 14/14
  5434 | D:7      | Noticed Pikel
  5441 | D:7      | Killed Pikel
  5442 | D:7      | Reached skill level 5 in Invocations
  5465 | D:7      | Noticed Joseph
  5476 | D:7      | Killed Joseph
  5476 | D:7      | Reached *** piety under Okawaru
  5495 | D:7      | Learned a level 2 spell: Wereblood
  5560 | D:7      | Found a staircase to the Ecumenical Temple.
  5778 | D:8      | Noticed Grum
  5802 | D:8      | Killed Grum
  5802 | D:8      | Received a gift from Okawaru
  5803 | D:8      | Reached skill level 5 in Short Blades
  5803 | D:8      | Reached skill level 5 in Long Blades
  5803 | D:8      | Reached skill level 5 in Maces & Flails
  5803 | D:8      | Reached skill level 5 in Polearms
  5803 | D:8      | Reached skill level 5 in Staves
  5803 | D:8      | Reached skill level 5 in Ranged Weapons
  5803 | D:8      | Reached skill level 5 in Throwing
  5803 | D:8      | Reached skill level 5 in Dodging
  5803 | D:8      | Reached skill level 5 in Stealth
  5803 | D:8      | Reached skill level 5 in Unarmed Combat
  5803 | D:8      | Reached skill level 5 in Spellcasting
  5803 | D:8      | Reached skill level 5 in Evocations
  5804 | D:8      | Reached XP level 10. HP: 25/81 MP: 15/17
  5814 | D:8      | Found a flagged portal.
  5823 | Bailey   | Entered a bailey
  6769 | Bailey   | Acquired the +2 pair of gloves of Jiozxargh {Drain Int+4
                  | Dex+3 SInv}
  6775 | Bailey   | Noticed an orc knight
  6784 | Bailey   | Killed an orc knight
  6788 | Bailey   | Reached **** piety under Okawaru
  7306 | D:8      | Received a gift from Okawaru
  7458 | D:8      | Received a gift from Okawaru
  7705 | D:8      | You fall into a shaft and drop 3 floors!
  7830 | D:11     | Noticed Urug
  7833 | D:11     | Noticed a manticore
  7854 | D:11     | Killed Urug
  7855 | D:11     | Reached skill level 5 in Conjurations
  7855 | D:11     | Reached skill level 5 in Hexes
  7855 | D:11     | Reached skill level 5 in Summonings
  7855 | D:11     | Reached skill level 5 in Necromancy
  7855 | D:11     | Reached skill level 5 in Translocations
  7855 | D:11     | Reached skill level 5 in Transmutations
  7855 | D:11     | Reached skill level 5 in Fire Magic
  7855 | D:11     | Reached skill level 5 in Ice Magic
  7855 | D:11     | Reached skill level 5 in Air Magic
  7855 | D:11     | Reached skill level 5 in Earth Magic
  7855 | D:11     | Reached skill level 5 in Poison Magic
  7855 | D:11     | Reached XP level 11. HP: 12/89 MP: 18/20
  7887 | D:11     | HP: 2/89 [manticore/volley of spikes (21)]
  7889 | D:11     | Killed from afar by a manticore

Illustrated notes

Levels and vault maps discovered:
D:1:      dpeg_chamrin_arrival_tetris, layout_basic, serial_park_tiny_1,
          minmay_quantized
D:2:      layout_rooms, shapermc_ecumenical_altar_gd, serial_aquarium,
          aquarium_bridge_square [aquarium_subvault_bridge,
          aquarium_subvault_wall, aquarium_subvault_bridge,
          aquarium_subvault_wall], aquarium_bridge_long_joined
          [aquarium_subvault_wall, aquarium_subvault_balcony,
          aquarium_subvault_window, aquarium_subvault_bridge,
          aquarium_subvault_bridge, aquarium_subvault_wall],
          aquarium_window_fake, aquarium_window_corridor_3,
          aquarium_window_corner, aquarium_view_2d, aquarium_view_2c,
          aquarium_balcony_5b, aquarium_pool_four, uniq_natasha
D:3:      layout_basic, gammafunk_ghost_icy, uniq_ijyb
D:4:      gammafunk_wand_slinger, layout_basic,
          pdpol_wu_jian_five_deadly_venoms, okawaru_altar_gauntlet_db,
          serial_demonic, serial_demonic_g, serial_demonic_e, serial_demonic_e,
          serial_demonic_f
D:5:      wad_river_or_something, layout_basic, uniq_grinder
D:6:      layout_rooms, mainiacjoe_overflow_alcove_3
D:7:      layout_rooms, minmay_temple_entry_glassed_door, uniq_pikel,
          uniq_prince_ribbit1, uniq_joseph
D:8:      layout_basic, enter_bailey_5, enter_ossuary_2, uniq_grum
D:11:     layout_grid_maze, lair_entry_dummy, minmay_orc_entry_temple_small,
          bh_walls_and_bars, uniq_urug, uniq_nergalle

Skill      XL: |  1  2  3  4  5  6  7  8  9 10 |
---------------+-------------------------------+-----
Invocations    | 1 2 3 4 5 6 |  6.6
Short Blades   | 1 2 3 5 6 |  6.1
Long Blades    | 1 2 3 5 6 |  6.1
Maces & Flails | 1 2 3 5 6 |  6.1
Polearms       | 1 2 3 5 6 |  6.1
Staves         | 1 2 3 5 6 |  6.1
Ranged Weapons | 1 2 3 5 6 |  6.1
Throwing       | 1 2 3 5 6 |  6.1
Dodging        | 1 2 3 5 6 |  6.1
Stealth        | 1 2 3 5 6 |  6.1
Unarmed Combat | 1 2 3 5 6 |  6.1
Spellcasting   | 1 2 3 5 6 |  6.1
Evocations     | 1 2 3 5 6 |  6.1
Conjurations   | 1 2 3 4 5 |  5.0
Hexes          | 1 2 3 4 5 |  5.0
Summonings     | 1 2 3 4 5 |  5.0
Necromancy     | 1 2 3 4 5 |  5.0
Translocations | 1 2 3 4 5 |  5.0
Transmutations | 1 2 3 4 5 |  5.0
Fire Magic     | 1 2 3 4 5 |  5.0
Ice Magic      | 1 2 3 4 5 |  5.0
Air Magic      | 1 2 3 4 5 |  5.0
Earth Magic    | 1 2 3 4 5 |  5.0
Poison Magic   | 1 2 3 4 5 |  5.0
Axes           | 5 6 7 |  7.7
Fighting       | 7 8 9 |  9.0
Armour         | 7 8 9 |  9.3
Shields        | 7 8 9 |  9.0

Action                     |  1- 3 |  4- 6 |  7- 9 | 10-12 || total
---------------------------+-------+-------+-------+-------++-------
  Melee: War axe           |   115 |   154 |    45 |       ||   314
         Bite              |     9 |    13 |    18 |     8 ||    48
         Flail             |       |       |   140 |   103 ||   243
   Fire: Sling             |       |       |     7 |   124 ||   131
  Throw: Dart              |       |       |     2 |     6 ||     8
 Invoke: Heroism           |       |       |     1 |       ||     1
    Use: Scroll            |     6 |     2 |     8 |     2 ||    18
         Potion            |       |     1 |     1 |     5 ||     7
   Stab: Sleeping          |       |       |       |     1 ||     1
 Armour: Scale mail        |    57 |    79 |    80 |    57 ||   273
  Dodge: Dodged            |    59 |    60 |   116 |   100 ||   335
  Block: Buckler           |    30 |    39 |    41 |    63 ||   173
